 Dungeon Crawl Stone Soup version 0.24.0-123-gd5b16e6ec5 (webtiles) character file.

Game seed: 3196773761678645879, levelgen mode: deterministic

17797 vurker the Zephyrmancer (level 12, -23/54 HPs)
             Began as a Felid Air Elementalist on Dec 18, 2019.
             Was an Elder of Vehumet.
             Killed by an exploding ball lightning (37 damage)
             ... created by the player character
             ... on level 6 of the Lair of Beasts.
             The game lasted 01:09:24 (35882 turns).

vurker the Zephyrmancer (Felid Air Elementalist)   Turns: 35882, Time: 01:09:24

Health: -23/54     AC:  9    Str:  4    XL:     12   Next: 22%
Magic:  19/28      EV: 25    Int: 20    God:    Vehumet [****..]
Gold:   60         SH:  0    Dex: 18    Spells: 14/34 levels left
                                        Lives:  0   Deaths: 2

rFire    . . .     SeeInvis +   (weapon unavailable)
rCold    + . .     Gourm    .   (shield unavailable)
rNeg     . . .     Faith    .   (armour unavailable)
rPois    +         Spirit   .   (helmet unavailable)
rElec    .         Reflect  .   (cloak unavailable)
rCorr    .         Harm     +   (gloves unavailable)
MR       +....                  (boots unavailable)
Stlth    +++.......             l - amulet of harm
HPRegen  0.18/turn              I - +6 ring of protection
MPRegen  0.21/turn              q - ring of poison resistance

@: quick
A: very small, no armour, no weapons or thrown items, stealth, claws 1, fangs 3,
see invisible, carnivore, speed 1, shaggy fur 3, slow metabolism 1, sharp paws
a: Renounce Religion


You were on level 6 of the Lair of Beasts.
You worshipped Vehumet.
Vehumet was greatly pleased with you.
You were hungry.

You visited 3 branches of the dungeon, and saw 18 of its levels.

You collected 1323 gold pieces.
You spent 1263 gold pieces at shops.

Inventory:

Missiles
 d - 5 throwing nets
Jewellery
 b - an uncursed ring of stealth
   (You found it on level 1 of the Dungeon)
 l - an amulet of harm (around neck)
   (You found it on level 2 of the Dungeon)
 q - a ring of poison resistance (right paw)
   (You found it on level 3 of the Dungeon)
 w - an uncursed ring of wizardry
   (You found it on level 6 of the Dungeon)
 E - an uncursed ring of fire
   (You found it on level 3 of the Lair of Beasts)
 G - an uncursed ring of ice
   (You found it on level 4 of the Lair of Beasts)
 I - a +6 ring of protection (left paw)
   (You found it on level 4 of the Dungeon)
Wands
 c - a wand of disintegration (16)
   (You found it on level 6 of the Lair of Beasts)
 t - a wand of flame (27)
   (You took it off a big kobold on level 8 of the Dungeon)
 u - a wand of paralysis (13)
   (You took it off Sonja on level 3 of the Lair of Beasts)
 v - a wand of digging (3)
   (You found it on level 10 of the Dungeon)
 x - a wand of acid (4)
   (You found it on level 6 of the Lair of Beasts)
 B - a wand of enslavement (9)
   (You found it on level 10 of the Dungeon)
 F - a wand of polymorph (1)
   (You found it on level 4 of the Dungeon)
Scrolls
 a - 6 scrolls of teleportation
 h - 7 scrolls of remove curse
 i - 2 scrolls of immolation
 k - a scroll of magic mapping
 n - 5 scrolls of fog
 y - a scroll of identify
 D - a scroll of fear
 H - a scroll of blinking
 J - a scroll of silence
Potions
 f - 11 potions of curing
 g - 3 potions of invisibility
 j - 5 potions of lignification
 m - 4 potions of haste
 o - 2 potions of flight
 p - a potion of resistance
 r - 7 potions of heal wounds
 s - 5 potions of brilliance
 z - 6 potions of ambrosia
 A - 3 potions of mutation
 C - a potion of magic
Comestibles
 e - 40 rations


   Skills:
 + Level 7.5 Fighting
 + Level 8.9 Dodging
 - Level 2.6 Stealth
 * Level 11.9 Spellcasting
 * Level 11.7 Conjurations
 * Level 12.0 Air Magic
 - Level 5.0 Evocations


You had 14 spell levels left.
You knew the following spells:

 Your Spells              Type           Power        Failure   Level  Hunger
a - Shock                 Conj/Air       ####         1%          1    None
b - Lightning Bolt        Conj/Air       ######....   1%          5    ####...
c - Airstrike             Air            ######....   1%          4    #......
d - Conjure Ball Lightni  Conj/Air       ######....   1%          6    ######.
x - Summon Lightning Spi  Summ/Air       #####...     4%          4    #......

Your spell library contained the following spells:

 Spells                   Type           Power        Failure   Level  Hunger
 Ozocubu's Refrigeration  Ice            ##........   88%         6    ######.
 Swiftness                Chrm/Air       #####...     1%          2    None
 Static Discharge         Conj/Air       ######..     1%          3    None
 Beastly Appendage        Tmut           ##....       6%          1    None
 Confusing Touch          Hex            ##....       6%          1    None
 Infusion                 Chrm           ##..         6%          1    None
 Summon Small Mammal      Summ           ##..         6%          1    None
 Call Imp                 Summ           ##......     9%          2    None
 Shroud of Golubria       Chrm/Tloc      ##....       9%          2    None
 Song of Slaying          Chrm           ##......     9%          2    None
 Sticks to Snakes         Tmut           ##......     9%          2    None
 Bolt of Magma            Conj/Fire/Erth ####......   9%          5    ####...
 Silence                  Hex/Air        #####.....   13%         5    ####...
 Call Canine Familiar     Summ           ##......     17%         3    None
 Confuse                  Hex            ##......     17%         3    None
 Gell's Gravitas          Tloc           ##........   17%         3    None
 Regeneration             Chrm/Necr      ##........   17%         3    None
 Spider Form              Tmut/Pois      ##........   17%         3    None
 Summon Guardian Golem    Hex/Summ       ##......     17%         3    None
 Iron Shot                Conj/Erth      #####.....   21%         6    ######.
 Yara's Violent Unravell  Hex/Tmut       ##........   36%         5    ####...
 Ice Form                 Ice/Tmut       ##......     50%         4    #......
 Leda's Liquefaction      Hex/Erth       ##........   50%         4    #......
 Petrify                  Tmut/Erth      ##......     50%         4    #......
 Summon Ice Beast         Ice/Summ       ##......     50%         4    #......
 Deflect Missiles         Chrm/Air       #####.....   58%         6    ######.
 Blade Hands              Tmut           ##........   85%         5    ####...
 Metabolic Englaciation   Hex/Ice        ##........   85%         5    ####...
 Statue Form              Tmut/Erth      ##.......    100%        6    ######.
 Shatter                  Erth           ##........   100%        9    #######
 Tornado                  Air            ######....   100%        9    #######
 Spectral Weapon          Hex/Chrm       Unusable     N/A         3    N/A

Dungeon Overview and Level Annotations

Branches:
Dungeon (11/15)            Temple (1/1) D:4            Lair (6/6) D:8
 Shoals (0/4) Lair:4       Spider (0/4) Lair:3        Slime (0/5) Lair:5
    Orc (0/2) D:10

Altars:
Elyvilon
Fedhas
Gozag
Hepliaklqana
Qazlal
Ru
Trog
Uskayaw
Vehumet
Yredelemnul
Beogh

Shops:
D:6 *   D:8 !   D:10 [   D:11 :

Annotations:
D:5 1 runed translucent door, holsgrj2's ghost, novice MiBe
Lair:6 3 runed translucent doors, exclusion: 3 doors, Piu's ghost, journeyman DrTm


Innate Abilities, Weirdness & Mutations

You cannot wear armour.
You are incapable of wielding weapons or throwing items.
Your paws allow you to move quietly. (Stealth)
You have sharp claws.
You have razor-sharp teeth.
You have supernaturally acute eyesight. (SInv)
You are carnivorous and can eat meat at any time.
You cover ground quickly.
Your thick and shaggy fur keeps you warm. (AC +3, rC+)
You have a slow metabolism.
Your sharp claws are effective at attacking unaware monsters.


Message History

The dire elephant trumpets! x2
The dire elephant tramples you!!
Ouch! That really hurt!
* * * LOW HITPOINT WARNING * * *
You stumble backwards!
Unknown command.
Your surroundings suddenly seem different.
You start resting.
Level map cleared.
Key pressed, stopping explore.
The minotaur bellows!
The blink frog gives a loud, deep croak!
The rime drake hisses angrily.
Piu's ghost turns its malevolent gaze towards you.
The dream sheep bleats!
The komodo dragon hisses menacingly.
The dire elephant is too close now for your liking.
A dire elephant is nearby!
A dire elephant is nearby!
An electric hum fills the air.
The dire elephant trumpets!
You are feeling hungry.
Your lightning spire shoots out a bolt of lightning at the dire elephant!
The bolt of electricity hits the dire elephant!
You create some ball lightning! 3 ball lightnings come into view.
Your lightning spire shoots out a bolt of lightning at the dire elephant!
The bolt of electricity hits the dire elephant!
The bolt of electricity hits the plant!
Your ball lightning explodes!
The blast of lightning engulfs your ball lightning.
Your ball lightning completely resists.
The blast of lightning engulfs the fungus!!
The blast of lightning engulfs the plant!!
The blast of lightning engulfs you!!
Ouch! That really hurt!
* * * LOW HITPOINT WARNING * * *
Your ball lightning explodes!
The blast of lightning engulfs the fungus!!
You destroy the fungus!
The blast of lightning engulfs your lightning spire.
Your lightning spire completely resists.
The blast of lightning engulfs the dire elephant!!
The blast of lightning engulfs your ball lightning.
Your ball lightning completely resists.
The blast of lightning engulfs the plant!!
You destroy the plant!
The blast of lightning engulfs you!!
Ouch! That really hurt!
You die...

*,,,,#.#.....**,.....* ***
**,,..#.....####...#***** ***
***,,...#...8Y......####,******,,
,*,,,...............#.P.***PP*,,,
,,......................,,,,,,,,,
,,......................,,,,,,,,,
***###....P.#...*.......,≈P,≈,PP,
*F*,.#....P.#.#......≈≈≈≈≈≈≈*≈*,,
$[}.##....P..#.#@.......,,,≈,,,,,
...#.#.......###........,,,,,,,,,
.#W#.#..................,,,,,,,,,
.....#..................,,,,,,,,,
WF##.#.....#.....###...(,P,,,,,,,
.lkHY#....###.....#*#..#,*,,,,,P,
+++###......##....#*,...***,,P,,,
...........#.#....#*,,.#**,,,*,,,
[..................#,,,,,,,,,,,,,


You could see a dire elephant, a friendly lightning spire and a friendly ball
lightning.

Vanquished Creatures
  4 dire elephants (Lair:6)
  4 hydras
  An anaconda (Lair:6)
  6 death yaks
  Urug (D:10)
  4 two-headed ogres
  Sonja (Lair:3)
  A glowing orange brain (D:10)
  An ugly thing (D:11)
  2 cyclopes (D:11)
  A manticore (D:11)
  3 merfolk sirens (Lair:4)
  A guardian serpent (D:9)
  10 elephants
  A gargoyle (D:10)
  2 black mambas
  Psyche (D:7)
  8 spiny frogs
  A rime drake (Lair:6)
  9 komodo dragons
  A merfolk (Lair:4)
  A hornet (D:9)
  10 blink frogs
  6 dream sheep (Lair:6)
  6 hippogriffs
  2 wraiths
  3 basilisks
  A wyvern (D:7)
  14 yaks
  3 hungry ghosts
  2 wargs (D:7)
  9 porcupines
  10 water moccasins
  8 orc warriors
  3 sky beasts
  2 ice beasts
  4 ogres
  2 eyes of draining (D:5)
  2 phantoms
  2 necrophages
  10 wolves
  7 crocodiles
  3 centaurs
  2 big kobolds
  11 bullfrogs
  A wyvern zombie (D:5)
  4 scorpions
  9 killer bees
  2 electric eels
  4 howler monkeys
  6 crimson imps
  2 centaur zombies (D:9)
  A quasit (D:5)
  14 hounds
  3 centaur skeletons
  3 jellies
  5 bullfrog skeletons
  10 orc priests
  4 iguanas
  5 orc wizards
  7 hell rats
  4 worker ants
  13 adders
  9 river rats (Lair:3)
  3 gnolls (D:5)
  4 shadow imps
  A white imp (D:4)
  An ooze (D:4)
  An adder zombie (D:8)
  4 worms
  4 dart slugs
  4 leopard geckos
  41 orcs
  4 giant cockroaches
  5 goblins
  6 hobgoblins
  11 jackals
  6 kobolds
  5 quokkas
  2 ball pythons
  5 bats
  2 frilled lizards
  A quokka skeleton (D:7)
  A quokka zombie (D:8)
  7 rats
  A fungus (Lair:6)
  6 plants (Lair:6)
417 creatures vanquished.

Vanquished Creatures (collateral kills)
  4 death yaks
  2 elephants
  A slime creature (Lair:5)
  A blink frog (Lair:5)
  7 yaks
  A water moccasin (Lair:6)
  A jelly (Lair:5)
17 creatures vanquished.

Vanquished Creatures (others)
  17 ball lightnings (Lair:6)
  A bush (Lair:6)
  10 fungi
  19 plants
47 creatures vanquished.

Grand Total: 481 creatures vanquished

Notes
Turn   | Place    | Note
-------+----------+-------------------------------------------
     0 | D:1      | vurker the Felid Air Elementalist began the quest for the
                  | Orb.
     0 | D:1      | Reached XP level 1. HP: 7/7 MP: 4/4
    52 | D:1      | Reached skill level 1 in Conjurations
   472 | D:1      | Reached XP level 2. HP: 8/11 MP: 1/6
   745 | D:1      | Reached skill level 3 in Air Magic
  1022 | D:2      | Reached XP level 3. HP: 15/15 MP: 4/7
  2371 | D:3      | Found a stormy altar of Qazlal.
  2397 | D:3      | Reached skill level 1 in Fighting
  2504 | D:3      | Reached XP level 4. HP: 19/19 MP: 6/9
  3177 | D:3      | Found a blossoming altar of Fedhas.
  3271 | D:3      | Reached XP level 5. HP: 8/22 MP: 1/10
  3476 | D:3      | Learned a level 4 spell: Airstrike
  3682 | D:4      | Found a sacrificial altar of Ru.
  3773 | D:4      | Noticed an ogre
  3796 | D:4      | Killed an ogre
  3796 | D:4      | Reached skill level 4 in Air Magic
  3796 | D:4      | Gained mutation: You are covered in thick fur. (AC +2)
                  | [Felid growth]
  3796 | D:4      | Reached XP level 6. HP: 26/26 MP: 6/12
  3807 | D:4      | Learned a level 5 spell: Lightning Bolt
  4935 | D:4      | Found a white marble altar of Elyvilon.
  5075 | D:4      | Found a basalt altar of Yredelemnul.
  5117 | D:4      | Found a staircase to the Ecumenical Temple.
  5130 | Temple   | Entered the Ecumenical Temple
  5138 | Temple   | Became a worshipper of Vehumet
  5361 | D:5      | Entered Level 5 of the Dungeon
  5433 | D:5      | Reached XP level 7. HP: 30/30 MP: 5/14
  5696 | D:5      | Found a runed translucent door.
  5699 | D:5      | Noticed holsgrj2's ghost (novice MiBe)
  5981 | D:5      | Reached skill level 5 in Air Magic
  6262 | D:5      | Found a bloodstained altar of Trog.
  6572 | D:5      | Reached XP level 8. HP: 34/34 MP: 1/16
  6636 | D:5      | Reached skill level 5 in Spellcasting
  6853 | D:6      | Reached * piety under Vehumet
  6853 | D:6      | Offered knowledge of Flame Tongue by Vehumet.
  7079 | D:6      | Reached skill level 5 in Conjurations
  7256 | D:5      | Reached skill level 6 in Air Magic
  7329 | D:6      | Found Querot's Elemental Accessories.
  7373 | D:6      | Found a hide-covered altar of Uskayaw.
  7790 | D:6      | Reached XP level 9. HP: 38/39 MP: 16/19
  8819 | D:8      | Noticed Psyche
  8829 | D:7      | Killed Psyche
  8874 | D:8      | Found a staircase to the Lair.
  8960 | D:7      | Offered knowledge of Throw Flame by Vehumet.
  9092 | D:8      | Reached ** piety under Vehumet
  9205 | D:7      | Reached skill level 7 in Air Magic
  9525 | D:8      | Reached skill level 5 in Fighting
 10206 | D:8      | Reached XP level 10. HP: 44/44 MP: 10/21
 10497 | D:8      | Found Rinooweo's Distillery.
 10500 | D:8      | Bought a potion of heal wounds for 55 gold pieces
 10500 | D:8      | Bought a potion of heal wounds for 55 gold pieces
 10500 | D:8      | Bought a potion of heal wounds for 55 gold pieces
 10500 | D:8      | Bought a potion of ambrosia for 88 gold pieces
 10500 | D:8      | Bought a potion of mutation for 88 gold pieces
 10500 | D:8      | Bought a potion of lignification for 33 gold pieces
 10500 | D:8      | Bought a potion of brilliance for 44 gold pieces
 10508 | D:8      | Noticed a two-headed ogre
 10535 | D:8      | Killed a two-headed ogre
 10732 | D:8      | Offered knowledge of Searing Ray by Vehumet.
 10756 | D:9      | Reached skill level 5 in Dodging
 10859 | D:9      | Noticed a two-headed ogre
 11136 | D:8      | Killed a two-headed ogre
 11136 | D:8      | Reached skill level 8 in Air Magic
 11502 | D:9      | Noticed a guardian serpent
 11502 | D:9      | Noticed a two-headed ogre
 12066 | D:9      | Killed a guardian serpent
 12207 | D:9      | Reached *** piety under Vehumet
 12529 | D:9      | Reached XP level 11. HP: 47/47 MP: 18/24
 12579 | D:9      | Killed a two-headed ogre
 12579 | D:9      | Reached skill level 9 in Air Magic
 13028 | D:10     | Entered Level 10 of the Dungeon
 13165 | D:10     | Found Yjukh's Armour Emporium.
 13271 | D:10     | Noticed Urug
 13419 | D:10     | Killed Urug
 13539 | D:10     | Offered knowledge of Throw Icicle by Vehumet.
 13549 | D:10     | Reached skill level 1 in Evocations
 14058 | D:10     | Found a roughly hewn altar of Beogh.
 14058 | D:10     | Found a staircase to the Orcish Mines.
 14223 | D:10     | Noticed an orc knight
 14374 | D:10     | Reached **** piety under Vehumet
 14597 | D:10     | Noticed a two-headed ogre
 14601 | D:10     | Killed a two-headed ogre
 14756 | D:10     | Offered knowledge of Stone Arrow by Vehumet.
 15558 | D:10     | HP: 1/47 [orc knight/bolt (13)]
 15935 | D:10     | Found a stormy altar of Qazlal.
 16132 | D:10     | HP: 1/47 [orc knight/bolt (28)]
 16484 | D:10     | HP: 2/47 [orc knight/bolt (25)]
 16843 | D:10     | Found a roughly hewn altar of Beogh.
 16949 | D:10     | Found a stormy altar of Qazlal.
 17028 | D:10     | Found Yjukh's Armour Emporium.
 17044 | D:10     | Noticed a glowing orange brain
 17044 | D:10     | an orc knight changed into a glowing orange brain
 17049 | D:10     | Killed a glowing orange brain
 17110 | D:10     | Found a staircase to the Orcish Mines.
 17873 | D:11     | HP: 1/47 [cyclops/large rock (46)]
 18297 | D:11     | Found Oneasket's Book Emporium.
 18329 | D:11     | Reached skill level 10 in Air Magic
 18876 | D:11     | Noticed a red ugly thing
 18881 | D:11     | Killed a red ugly thing
 19123 | Lair:1   | Entered Level 1 of the Lair of Beasts
 19205 | Lair:1   | Gained mutation: Your thick and shaggy fur keeps you warm.
                  | (AC +3, rC+) [Felid growth]
 19205 | Lair:1   | Reached XP level 12. HP: 51/51 MP: 9/26
 19330 | Lair:1   | Noticed a seven-headed hydra
 19337 | Lair:1   | Killed a seven-headed hydra
 19337 | Lair:1   | Reached skill level 10 in Spellcasting
 20462 | Lair:2   | Reached skill level 10 in Conjurations
 22178 | Lair:3   | Noticed a seven-headed hydra
 22187 | Lair:3   | Noticed Sonja
 22365 | Lair:3   | Killed a seven-headed hydra
 23268 | Lair:3   | Found a hole to the Spider Nest.
 23281 | Lair:3   | Killed Sonja
 24059 | Lair:4   | Learned a level 4 spell: Summon Lightning Spire
 24291 | Lair:4   | Reached skill level 5 in Evocations
 24974 | Lair:4   | Reached skill level 11 in Air Magic
 25113 | Lair:4   | Reached ***** piety under Vehumet
 25118 | Lair:4   | Offered knowledge of Ozocubu's Refrigeration by Vehumet.
 25118 | Lair:4   | Reached XP level 13. HP: 56/56 MP: 2/28
 25833 | Lair:4   | Found a staircase to the Shoals.
 26664 | Lair:4   | Found a staircase to the Shoals.
 27159 | Lair:5   | Found a staircase to the Slime Pits.
 29682 | Lair:5   | Found a staircase to the Slime Pits.
 30206 | Lair:6   | Entered Level 6 of the Lair of Beasts
 30587 | Lair:6   | Noticed Piu's ghost (journeyman DrTm)
 30589 | Lair:6   | Noticed a minotaur
 31263 | Lair:6   | Found a runed translucent gate.
 31264 | Lair:6   | Found a runed translucent gate.
 31265 | Lair:6   | Found a runed translucent gate.
 33704 | Lair:6   | Got a flickering glass ring
 33711 | Lair:6   | Identified the ring "Hinoupib" {+Fly rPois SInv Stlth-}
                  | (You found it on level 6 of the Lair of Beasts)
 33809 | Lair:6   | Noticed a dire elephant
 33813 | Lair:6   | HP: 2/57 [dire elephant (37)]
 33814 | Lair:6   | Slain by a dire elephant
 33815 | Lair:6   | Reached XP level 12. HP: -4/54 MP: 11/28
 33837 | Lair:6   | Noticed a dire elephant
 33906 | Lair:6   | Noticed a dire elephant
 34091 | D:11     | Bought a book of the Sky for 845 gold pieces
 34098 | D:11     | Learned a level 6 spell: Conjure Ball Lightning
 34303 | Lair:6   | Killed by an exploding ball lightning
 34304 | Lair:6   | Reached XP level 11. HP: -13/50 MP: 15/27
 34315 | Lair:6   | Found a runed translucent gate.
 34316 | Lair:6   | Found a runed translucent gate.
 34317 | Lair:6   | Found a runed translucent gate.
 34576 | Lair:6   | Killed a dire elephant
 34576 | Lair:6   | Reached XP level 12. HP: 54/54 MP: 14/28
 34620 | Lair:6   | Killed a dire elephant
 34620 | Lair:6   | Reached skill level 12 in Air Magic
 34695 | Lair:6   | Noticed a dire elephant
 34705 | Lair:6   | Killed a dire elephant
 35093 | Lair:6   | Killed a dire elephant
 35431 | Lair:6   | Noticed a dire elephant
 35431 | Lair:6   | Noticed a dire elephant
 35853 | Lair:6   | Found a runed translucent gate.
 35853 | Lair:6   | Found a runed translucent gate.
 35853 | Lair:6   | Found a runed translucent gate.
 35882 | Lair:6   | Killed by an exploding ball lightning

Levels and vault maps discovered:
D:1:      ncdulo_lavacross, layout_rooms, minmay_door_square,
          minmay_misc_feat_encased, serial_park_tiny_2
D:2:      layout_basic, first_ration
D:3:      layout_basic, grunt_qazlal_clouds, lemuel_round_altar
D:4:      layout_layer_cave, kennysheep_ying_yang, nicolae_ru_awakened_eye,
          temple_hall, minmay_fire_ice_demons
D:5:      layout_loops_cross, trog_eyes_of_draining,
          ebering_ghost_reflecting_pool
D:6:      layout_basic, nicolae_overflow_crystal_walls, nicolae_elemental_shop
D:7:      layout_loops_ring
D:8:      layout_cave_pools, erik_lair_orcish_takeover, serial_shops,
          kennysheep_mini, blue_anna_alchemist [blue_anna_fruit_fields,
          blue_anna_fruit_fields], uniq_psyche
D:9:      layout_basic, st_stairs_11, nrook_guardian_serpent_ordinary
D:10:     layout_long_grid, david_orc_5, serial_shops, nicolae_shop_stone,
          basic_altar, minmay_misc_feat_five, uniq_urug
D:11:     layout_stronghold, serial_shops, shop, kennysheep_diamond
Temple:   regret_index_temple_waves
Lair:1:   layout_chaotic_city
Lair:2:   layout_hall_layers, lemuel_fruit_tree
Lair:3:   layout_loops_ring, spider_nest_entry_web_field, kennysheep_rathole,
          uniq_sonja
Lair:4:   layout_hall_layers, elwin_shoals_entry_stream, grunt_megastairs_2
Lair:5:   layout_gridlike, minmay_slime_entry_pillars,
          chequers_serial_rivers_micro_a
Lair:6:   due_jungle_book, layout_small_grid, maelrawn_ghost_gauntlet_escape,
          chequers_serial_rivers_micro_e, serial_bayou_shore_a

Skill      XL: |  1  2  3  4  5  6  7  8  9 10 11 12 13 |
---------------+----------------------------------------+-----
Conjurations   | 1 2 3 4 5 6 8 9 10 11 | 11.7
Air Magic      | 3 4 5 6 7 8 10 12 | 12.0
Fighting       | 1 2 3 4 5 6 7 |  7.5
Spellcasting   | 3 4 6 7 8 9 10 11 | 11.9
Dodging        | 4 5 7 8 |  8.9
Evocations     | 3 5 |  5.0
Stealth        | |  2.6

Action                   |  1- 3 |  4- 6 |  7- 9 | 10-12 | 13-15 || total
-------------------------+-------+-------+-------+-------+-------++-------
Melee: Unarmed           |     3 |     4 |   111 |    28 |   663 ||   809
       Bite              |       |     1 |    25 |     5 |   113 ||   144
 Cast: Shock             |    72 |   150 |   241 |   114 |    15 ||   592
       Airstrike         |       |       |    31 |   396 |   208 ||   635
       Lightning Bolt    |       |       |     3 |     4 |    12 ||    19
       Conjure Ball Ligh |       |       |       |     9 |       ||     9
       Summon Lightning  |       |       |       |    14 |    37 ||    51
Evoke: Wand              |       |       |       |    18 |     6 ||    24
  Use: Scroll            |       |     9 |     6 |    14 |     5 ||    34
 Stab: Distracted        |       |       |       |       |     2 ||     2
  Eat: Chunk             |    11 |     5 |    14 |    56 |    26 ||   112
       Ration            |       |       |       |     1 |       ||     1
Armor: Skin              |       |     1 |    16 |    28 |     5 ||    50
Dodge: Dodged            |     8 |    22 |    68 |   139 |    40 ||   277
